 Dungeon Crawl Stone Soup version 0.30-a0-1103-g25895a7845 (webtiles) character file.

Game seed: 2440402790756428771

43 avis the Ruffian (level 3, 0/29 HPs)
             Began as a Demigod Transmuter on Apr 19, 2023.
             Slain by a worm (8 damage)
             ... on level 2 of the Dungeon.
             The game lasted 00:10:22 (1487 turns).

avis the Ruffian (Demigod Transmuter)               Turns: 1487, Time: 00:10:23

Health: 0/29       AC:  2    Str: 15    XL:     3   Next: 20%
Magic:  4/8        EV: 12    Int: 15    God:
Gold:   108        SH:  0    Dex: 14    Spells: 0/6 levels left

rFire   . . .      SeeInvis .      - Unarmed
rCold   . . .      Faith    .    (no shield)
rNeg    . . .      Spirit   .    a - +0 robe
rPois   .          Reflect  .    (helmet currently unavailable)
rElec   .          Rampage  .    (no cloak)
rCorr   .                        (no gloves)
Will    .....                    (boots currently unavailable)
Stlth   ++                       (no amulet)
HPRegen 0.24/turn                (no ring)
MPRegen 0.11/turn                (no ring)

@: appendages (expiring), very slightly contaminated
A: horns 2, talons 2, high MP 1, forlorn, divine attributes
a: End Transformation


You were on level 2 of the Dungeon.
You had temporarily grown beastly horns and talons.
You visited 1 branch of the dungeon, and saw 2 of its levels.

You collected 108 gold pieces.

Inventory:

Missiles
 d - 17 stones
Armour
 a - a +0 robe (worn)
Jewellery
 l - an amulet of regeneration
Scrolls
 c - 2 scrolls of teleportation {unknown}
 g - a scroll of identify {unknown}
 h - a scroll of poison {unknown}
 k - a scroll of vulnerability {unknown}
Potions
 b - a potion of lignification
 e - a potion of heal wounds {unknown}
 f - a potion of mutation {unknown}
 i - 2 potions of curing {unknown}
 j - a potion of magic {unknown}


   Skills:
 - Level 2.0 Fighting
 - Level 2.0 Dodging
 - Level 1.0 Stealth
 - Level 3.0 Unarmed Combat
 - Level 2.0 Spellcasting
 - Level 2.0 Transmutations
 * Level 0.1 Poison Magic


You couldn't memorise any spells.
You knew the following spells:

 Your Spells              Type           Power      Damage    Failure   Level
a - Beastly Appendage     Tmut           14%        N/A       10%         1
e - Wereblood             Tmut           7%         N/A       14%         2
p - Spider Form           Tmut/Pois      4%         N/A       41%         3

Your spell library contained the following spells:

 Spells                   Type           Power      Damage    Failure   Level
 Tukima's Dance           Hex            1%         N/A       54%         3
 Ice Form                 Ice/Tmut       4%         N/A       82%         4
 Passage of Golubria      Tloc           1%         N/A       91%         4
 Yara's Violent Unravell  Hex/Tmut       2%         3d3       99%         5


Dungeon Overview and Level Annotations

Branches:
Dungeon (2/15)

Shops:
D:1 (   D:2 =


Innate Abilities, Weirdness & Mutations

You have temporarily grown beastly horns and talons.
You have an increased reservoir of magic. (+10% MP)
You shall have no god before yourself.
Your divine heritage dramatically boosts your attributes as you level up.


Message History

You kill the goblin!
Training target 2.0 for Fighting reached!
Your Fighting skill increases to level 2!
You need to enable at least one skill for training.
Things that are here:
a +0 dagger; a goblin corpse The kobold hits you with a +0 dagger.
You hit the kobold.
You kill the kobold!
Your horns disappear.
Your talons disappear.
d - 17 stones (gained 1)
You see here a +0 dagger.
You start resting.
HP restored.
A worm comes into view.
You see here Great Wizards, Vol.
VII.
You pick up Great Wizards, Vol.
VII and begin reading...
You add the spells Tukima's Dance, Passage of Golubria and Yara's Violent Unravelling to your library.
Casting: Beastly Appendage (safe; 10% risk of failure)
Confirm with . or Enter, or press ? or * to list all spells.
The spell is extremely dangerous to miscast (41% risk of failure)!
Continue anyway?
You miscast Spider Form.
You are very lightly contaminated with residual magic.
Nothing appears to happen.
Casting: Spider Form (extremely dangerous; 41% risk of failure)
Confirm with . or Enter, or press ? or * to list all spells.
You grow a pair of large bovine horns.
Your feet morph into talons.
Your transformation is almost over.
The worm bites you!
You hit the worm but do no damage. You claw the worm. You headbutt the worm!
The worm is heavily wounded.
You hit the worm. Your headbutt misses the worm.
You punch the worm, but do no damage.
The worm is severely wounded.
The worm bites you!
* * * LOW HITPOINT WARNING * * *
You hit the worm. You claw the worm, but do no damage.
The worm is almost dead.
The worm bites you!
You die...

..... #.# .....
#.# ....... #.#
### ##.# ..# #..#
#.# #.## #.# #.#
#w# ##### #.# #@#
#...#####.# #.#
#.........#
#.#####...#######
#......#.##
######...# #####


You could see a worm.

Vanquished Creatures
  2 dart slugs
  A giant cockroach (D:2)
  4 hobgoblins
  3 jackals (D:1)
  7 kobolds
  A quokka (D:1)
  7 ball pythons
  2 bats (D:1)
  A frilled lizard (D:1)
  5 goblins
  4 rats
37 creatures vanquished.

Notes
Turn   | Place    | Note
-------+----------+-------------------------------------------
     0 | D:1      | avis the Demigod Transmuter began the quest for the Orb.
     0 | D:1      | Reached XP level 1. HP: 15/15 MP: 5/5
    33 | D:1      | Reached skill level 1 in Fighting
   186 | D:1      | Reached skill level 3 in Unarmed Combat
   234 | D:1      | Reached XP level 2. HP: 16/23 MP: 5/7
   414 | D:1      | Reached skill level 1 in Stealth
   821 | D:1      | Found Agreack's Weapon Emporium.
  1250 | D:2      | Found Empotaw's Jewellery Shoppe.
  1270 | D:2      | Reached XP level 3. HP: 25/29 MP: 6/8
  1380 | D:2      | Learned a level 2 spell: Wereblood
  1384 | D:2      | Learned a level 3 spell: Spider Form
  1487 | D:2      | Slain by a worm

Illustrated notes

Levels and vault maps discovered:
D:1:      spicycebolla_arrival_risky_transporter, layout_basic, serial_shops,
          nicolae_shop_trees, ebering_ecumenical_altar_abandoned,
          reono_crystal_passage
D:2:      layout_loops_cross, basic_altar, serial_shops, shop

Skill      XL: |  1  2  3 |
---------------+----------+-----
Fighting       | 1 2 |  2.0
Unarmed Combat | 3 |  3.0
Dodging        | 2 |  2.0
Spellcasting   | 2 |  2.0
Transmutations | 2 |  2.0
Stealth        | 1 |  1.0
Poison Magic   | |  0.1

Action                     || total
---------------------------++-------
  Melee: Unarmed           ||    77
         Headbutt          ||    15
         Kick              ||    16
         Punch             ||     3
   Cast: Beastly Appendage ||    23
 Armour: Robe              ||     4
  Dodge: Dodged            ||    39

Table legend: (Time is in decaauts)
 A = Elapsed time spent in this place.
 B = Non-inter-level travel time spent in this place.
 C = Inter-level travel time spent in this place.
 D = Time resting spent in this place.
 E = Time spent auto-exploring this place.
 F = Levels seen in this place.
 G = Mean time per level.
                   A        B        C        D        E       F      G
               +--------+--------+--------+--------+--------+-----+--------+
         Total |   1483 |   1324 |    159 |     57 |    917 |   2 |  741.5 |
       Dungeon |   1483 |   1324 |    159 |     57 |    917 |   2 |  741.5 |
               +--------+--------+--------+--------+--------+-----+--------+

Top non-repeatable levels by time:
     D:1: 1208 daAuts
     D:2: 275 daAuts
